 Dungeon Crawl Stone Soup version 0.23-a0-143-g1adec7b (webtiles) character file.

74846 tsouns the Eclecticist (level 15, -5/114 HPs)
             Began as a Mummy Fire Elementalist on Sept 2, 2018.
             Was an Initiate of Gozag.
             Slain by a red ugly thing (34 damage)
             ... on level 15 of the Dungeon.
             The game lasted 02:02:36 (34997 turns).

tsouns the Eclecticist (Mummy Fire Elementalist)   Turns: 34997, Time: 02:02:38

Health: -5/114     AC: 10    Str: 11    XL:     15   Next: 8%
Magic:  22/44      EV: 15    Int: 22    God:    Gozag
Gold:   5131       SH:  0    Dex: 12    Spells: 28/46 levels left

rFire    x . .     SeeInvis +   l - +5 long sword (protect)
rCold    + . .     Gourm    .   (no shield)
rNeg     + + +     Faith    .   O - +1 robe {MR+}
rPois    ∞         Spirit   .   M - +2 helmet {SInv}
rElec    .         Reflect  .   D - +1 cloak {MR+}
rCorr    .         Harm     .   (no gloves)
MR       +++..                  i - +1 pair of boots
Stlth    ++++......             (no amulet)
HPRegen  0.29/turn              z - ring of magical power
MPRegen  0.29/turn              K - ring of Qexixkit {+Blink rPois}

@: gold aura, studying Hexes
A: no food or potions, fire vulnerability, cold resistance 1, negative energy
resistance 3, torment resistance, unbreathing, in touch with death 1
a: Potion Petition, Call Merchant, Bribe Branch, Renounce Religion, Evoke Blink


You were on level 15 of the Dungeon.
You worshipped Gozag.
Gozag was greatly pleased with you.
You were not hungry.

You visited 3 branches of the dungeon, and saw 23 of its levels.
You also visited: Sewer and Bailey.

You collected 7819 gold pieces.
You spent 370 gold pieces at shops.
You paid 2318 gold pieces to Gozag.

Inventory:

Hand Weapons
 l - a +5 long sword of protection (weapon)
 v - a +0 hunting sling of flaming
 w - a +3 quarterstaff of speed
 G - a +2 broad axe of freezing
 I - a +0 lajatang of flaming
Missiles
 b - 497 stones
 o - 2 throwing nets
 u - 184 sling bullets
 y - 11 steel javelins
 L - 13 tomahawks
 P - 33 tomahawks of returning (quivered)
 V - 6 javelins of returning
Armour
 i - a +1 pair of boots (worn)
 D - a +1 cloak of magic resistance (worn)
 J - a scarf of repulsion
 M - a +2 helmet of see invisible (worn)
 O - a +1 robe of magic resistance (worn)
Jewellery
 p - an uncursed ring of protection from cold
 z - a ring of magical power (left hand)
 K - the ring of Qexixkit (right hand) {+Blink rPois}
   (You found it on level 6 of the Lair of Beasts)

   [ring of poison resistance]

   It protects you from poison.
   It lets you blink.
 N - an uncursed ring of protection from magic
 R - an uncursed ring of wizardry
Wands
 c - a wand of random effects (30)
 g - a wand of flame (73)
 j - a wand of digging (18)
 k - a wand of disintegration (12)
 r - a wand of clouds (8)
 x - a wand of acid (16)
 C - a wand of polymorph (10)
 F - a wand of paralysis (24)
 U - a wand of enslavement (13)
Scrolls
 a - a scroll of brand weapon
 d - 12 scrolls of teleportation
 e - 3 scrolls of blinking
 f - 11 scrolls of identify
 h - 6 scrolls of fog
 q - 2 scrolls of vulnerability
 s - a scroll of fear
 t - 6 scrolls of amnesia
 A - 7 scrolls of remove curse
 B - 3 scrolls of magic mapping
 E - 2 scrolls of immolation
 Q - a scroll of enchant armour
 T - 2 scrolls of enchant weapon
Books
 S - a manual of Hexes
Miscellaneous
 m - a phial of floods
 n - 2 sacks of spiders
 H - a phantom mirror


   Skills:
 + Level 9.4 Fighting
 - Level 1.5 Long Blades
 - Level 1.3 Staves
 + Level 5.5 Throwing
 + Level 5.9 Dodging
 - Level 8.6 Stealth
 - Level 16.0 Spellcasting
 + Level 8.9 Conjurations
 - Level 6.9 Summonings
 + Level 9.2 Fire Magic


You had 28 spell levels left.
You knew the following spells:

 Your Spells              Type           Power        Failure   Level  Hunger
a - Flame Tongue          Conj/Fire      #####        1%          1    N/A
b - Throw Flame           Conj/Fire      ######       1%          2    N/A
c - Conjure Flame         Conj/Fire      ######..     1%          3    N/A
d - Sticky Flame          Conj/Fire      ######..     1%          4    N/A
e - Fireball              Conj/Fire      ######....   2%          5    N/A
f - Call Canine Familiar  Summ           #####...     1%          3    N/A

Your spell library contained the following spells:

 Spells                   Type           Power        Failure   Level  Hunger
 Summon Small Mammal      Summ           ####         1%          1    N/A
 Call Imp                 Summ           #####...     1%          2    N/A
 Inner Flame              Hex/Fire       #####...     1%          3    N/A
 Summon Guardian Golem    Hex/Summ       ####....     2%          3    N/A
 Summon Ice Beast         Ice/Summ       ####....     8%          4    N/A
 Summon Lightning Spire   Summ/Air       ####....     8%          4    N/A

Dungeon Overview and Level Annotations

Branches:
Dungeon (15/15)            Temple (0/1) D:7            Lair (6/6) D:8
  Swamp (0/4) Lair:4       Spider (0/4) Lair:4        Slime (0/5) Lair:6
    Orc (2/2) D:9             Elf (0/3) Orc:2        Vaults (0/5) D:14
 Depths: D:15

Altars:
Dithmenos
Gozag
Hepliaklqana
Beogh
Lugonu

Shops:
D:6 }(?!   Orc:2 [

Annotations:
D:5 1 runed door, mopl's ghost, novice DEFE
D:7 1 transporter
Lair:1 1 runed door, Isoivuar's ghost, novice DsFi
Lair:5 exclusion: oklob plant
Orc:2 Saint Roka


Innate Abilities, Weirdness & Mutations

You do not eat or drink.
Your flesh is vulnerable to fire.
You are immune to poison.
Your flesh is cold resistant. (rC+)
You are immune to negative energy. (rN+++)
You are immune to unholy pain and torment.
You can survive without breathing.
You are in touch with the powers of death.


Message History

Your wolf closely misses the red ugly thing.
The red ugly thing is engulfed in blazing flames.
The red ugly thing stings you.
You are engulfed in flames!!
The fire burns you terribly!
* * * LOW HITPOINT WARNING * * *
Your wolf bites the red ugly thing. x2
Evoke which item? (* to show all) (? for menu, Esc to quit)
Aiming: Corrosive Bolt
Press: ? - help, Shift-Dir - straight line, f - red ugly thing
Aim: a red ugly thing (heavily wounded)
The bolt of acid hits the red ugly thing.
The red ugly thing is splashed with acid.
The acid corrodes the red ugly thing!
The red ugly thing is severely wounded.
Your wolf closely misses the red ugly thing.
The red ugly thing gores you.
* * * LOW HITPOINT WARNING * * *
You are engulfed in flames!!
The fire burns you terribly!
You die...
Your body crumbles into a pile of gold.

#..'.# ###.#.......#.<......
#..### #...#.......#........ #).#
#...#.......#........ ..##
#...#..._.......#.... .###
#...#.......#...#.... ##..##
###.#.......#...#.... #..#
#.#.......#...#.... ####.###
#.####.####..(..###
.).....########.@u.........##...#
####.(.(.....####.h.#.##...####..
####.(..#...uu...#.!(.#....# .
#.......###...###.##.##.#
#<...$.$....#####.##.##.##
#)...#...##..###..(.......
########.###..##.#.....##. #.#
##....#.....# #.# #..........#


You could see a red ugly thing and a friendly wolf.

Vanquished Creatures
  Rupert (D:14)
  An orc warlord (Bailey)
  A fire dragon (Lair:6)
  8 hydras
  Erolcha (D:9)
  2 centaur warriors (D:14)
  5 two-headed ogres
  Urug (Lair:1)
  Nergalle (Lair:4)
  2 unseen horrors
  2 wizards (D:15)
  A swamp dragon (Lair:6)
  Pikel (D:4)
  A wolf spider zombie (D:14)
  3 deep elf magi
  An orc knight (D:14)
  A lindwurm (Lair:5)
  A necromancer (D:15)
  A wolf spider (D:14)
  9 ugly things
  2 cyclopes
  An orc sorcerer (Orc:2)
  2 manticores
  2 centaur zombies
  Maurice (D:9)
  Psyche (D:11)
  A naga mage (D:15)
  An eye of devastation (Lair:6)
  3 elephants (Lair:6)
  8 black mambas
  Joseph (D:7)
  2 gargoyles
  10 spiny frogs
  A kobold demonologist (D:12)
  6 komodo dragons
  3 rime drakes
  A freezing wraith (D:15)
  2 hornets
  2 tyrant leeches (Lair:4)
  3 meliai (D:13)
  Prince Ribbit (D:5)
  A troll (shapeshifter) (D:14)
  4 trolls
  4 blink frogs (Lair:3)
  12 hippogriffs
  11 slime creatures
  5 dream sheep (Lair:6)
  A spriggan (D:8)
  Sigmund (D:3)
  2 shadows (D:14)
  3 centaur simulacra
  2 wraiths
  5 wyverns
  2 vampires
  28 yaks
  5 basilisks
  3 hungry ghosts
  16 humans (D:14)
  3 vampire mosquitoes (D:14)
  Menkaure (D:5)
  A swamp worm (Lair:4)
  8 porcupines
  4 acid dragons
  A soldier ant (D:13)
  10 water moccasins
  3 swamp drakes (Lair:6)
  28 orc warriors
  6 ice beasts
  2 eyes of draining
  A phantom (D:7)
  7 sky beasts
  2 necrophages
  18 wolves
  15 centaurs
  6 ogres
  17 crocodiles
  6 big kobolds
  17 bullfrogs
  A wyvern zombie (D:15)
  2 water moccasin zombies
  A wyvern skeleton (D:7)
  2 scorpions
  2 troll zombies (D:9)
  3 wights (D:12)
  4 killer bees
  4 howler monkeys
  A bullfrog zombie (D:8)
  5 crimson imps
  A hound (D:5)
  4 jellies
  A quasit (D:5)
  16 orc priests
  19 orc wizards
  2 bullfrog skeletons
  2 centaur skeletons
  10 iguanas
  7 worker ants
  6 ogre zombies (D:9)
  A bullfrog simulacrum (D:10)
  A hound skeleton (D:11)
  2 howler monkey skeletons
  4 gnolls
  12 adders
  3 shadow imps
  3 white imps (D:10)
  2 worker ant simulacra (D:10)
  2 ufetubi (D:10)
  An ooze (D:1)
  An adder zombie (D:8)
  An adder skeleton (D:7)
  3 worms
  4 dart slugs
  6 leopard geckos
  87 orcs
  12 giant cockroaches
  16 goblins
  9 hobgoblins
  15 jackals
  2 quokkas
  5 ball pythons
  16 bats
  9 frilled lizards
  A goblin zombie (D:9)
  2 hobgoblin zombies (D:9)
  46 kobolds
  6 orc skeletons (D:9)
  16 orc zombies (D:9)
  7 rats
  2 fungi
749 creatures vanquished.

Vanquished Creatures (collateral kills)
  A gargoyle (D:15)
  A crimson imp (D:13)
2 creatures vanquished.

Vanquished Creatures (others)
  A water moccasin (Lair:6)
  2 fungi
  3 plants (Lair:6)
6 creatures vanquished.

Grand Total: 757 creatures vanquished

Notes
Turn   | Place    | Note
-------+----------+-------------------------------------------
     0 | D:1      | tsouns the Mummy Fire Elementalist began the quest for the
                  | Orb.
     0 | D:1      | Reached XP level 1. HP: 13/13 MP: 4/4
   179 | D:1      | Reached skill level 3 in Spellcasting
   179 | D:1      | Reached skill level 1 in Conjurations
   179 | D:1      | Reached XP level 2. HP: 17/19 MP: 1/6
   241 | D:1      | Learned a level 2 spell: Throw Flame
   467 | D:1      | Reached XP level 3. HP: 24/24 MP: 1/7
  1808 | D:3      | Reached XP level 4. HP: 30/30 MP: 3/9
  1899 | D:2      | Learned a level 3 spell: Conjure Flame
  1904 | D:2      | Learned a level 4 spell: Sticky Flame
  2133 | D:3      | Found an opulent altar of Gozag.
  2154 | D:3      | Became a worshipper of Gozag Ym Sagoz the Greedy
  2267 | D:3      | Noticed Sigmund
  2290 | D:3      | Killed Sigmund
  2290 | D:3      | Reached skill level 4 in Spellcasting
  2290 | D:3      | Reached XP level 5. HP: 11/35 MP: 0/11
  2568 | D:3      | Found a shadowy altar of Dithmenos.
  2573 | D:3      | Reached XP level 6. HP: 41/41 MP: 3/12
  3581 | D:4      | Noticed Pikel
  3601 | D:4      | Noticed a slave
  3601 | D:4      | Noticed a slave
  3601 | D:4      | Noticed a slave
  3690 | D:4      | Killed Pikel
  3690 | D:4      | Reached skill level 5 in Spellcasting
  3690 | D:4      | Reached XP level 7. HP: 28/46 MP: 4/15
  4204 | D:5      | Entered Level 5 of the Dungeon
  4204 | D:5      | Noticed Menkaure
  4210 | D:5      | Killed Menkaure
  4210 | D:5      | Reached skill level 6 in Spellcasting
  4210 | D:5      | Reached XP level 8. HP: 39/52 MP: 3/17
  4296 | D:5      | Found a runed door.
  4300 | D:5      | Noticed mopl's ghost (novice DEFE)
  4374 | D:5      | Noticed Prince Ribbit
  4386 | D:5      | Killed Prince Ribbit
  4622 | D:5      | Found a glowing drain.
  4639 | Sewer    | Entered a sewer
  5128 | Sewer    | Reached skill level 5 in Stealth
  5128 | Sewer    | Reached skill level 5 in Fire Magic
  5946 | D:6      | Noticed a two-headed ogre
  5970 | D:6      | Killed a two-headed ogre
  5970 | D:6      | Reached skill level 7 in Spellcasting
  5970 | D:6      | Reached skill level 5 in Conjurations
  5970 | D:6      | Reached XP level 9. HP: 57/57 MP: 0/20
  6114 | D:6      | Learned a level 5 spell: Fireball
  6114 | D:6      | Found Qerisim's Distillery.
  7023 | D:6      | Reached skill level 8 in Spellcasting
  7065 | D:6      | Found Owenoeri's Gadget Emporium.
  7152 | D:6      | Found Rebili Xetho's Magic Scroll Emporium.
  7157 | D:6      | Bought a scroll of fear for 49 gold pieces
  7157 | D:6      | Bought a scroll of teleportation for 42 gold pieces
  7235 | D:6      | Found Lejeiri's Weapon Boutique.
  7385 | D:7      | Found a transporter.
  7414 | D:7      | Found a corrupted altar of Lugonu.
  7502 | D:7      | Noticed Joseph
  7519 | D:7      | Killed Joseph
  8284 | D:7      | Found a staircase to the Ecumenical Temple.
  8823 | D:8      | Noticed a two-headed ogre
  8842 | D:8      | Killed a two-headed ogre
  8842 | D:8      | Reached skill level 9 in Spellcasting
  8842 | D:8      | Reached XP level 10. HP: 53/63 MP: 3/23
  9357 | D:8      | Noticed a two-headed ogre
  9366 | D:8      | Killed a two-headed ogre
 10031 | D:8      | Found a staircase to the Lair.
 10597 | D:9      | Reached skill level 10 in Spellcasting
 10810 | D:9      | Noticed Erolcha
 10913 | Lair:1   | Entered Level 1 of the Lair of Beasts
 10921 | Lair:1   | Noticed a spiny frog
 10929 | Lair:1   | Killed a spiny frog
 11193 | Lair:1   | Noticed a spiny frog
 11203 | Lair:1   | Killed a spiny frog
 11361 | Lair:1   | Reached XP level 11. HP: 67/68 MP: 25/25
 11411 | Lair:1   | Noticed Isoivuar's ghost (novice DsFi)
 11412 | Lair:1   | Found a runed door.
 11549 | Lair:1   | Noticed Urug
 12408 | D:9      | Reached skill level 1 in Fighting
 12610 | D:9      | Found a staircase to the Orcish Mines.
 12612 | D:9      | Noticed Maurice
 12662 | D:9      | Killed Maurice
 12861 | D:9      | Reached skill level 11 in Spellcasting
 13380 | D:9      | Killed Erolcha
 13660 | Lair:1   | Killed Urug
 14393 | Lair:2   | You fall through a shaft!
 14503 | Lair:3   | Reached skill level 5 in Fighting
 14503 | Lair:3   | Reached skill level 12 in Spellcasting
 15089 | Lair:2   | Reached skill level 1 in Long Blades
 15791 | Lair:3   | Reached skill level 1 in Staves
 15791 | Lair:3   | Reached XP level 12. HP: 28/89 MP: 17/28
 16762 | Lair:4   | Noticed a seven-headed hydra
 16769 | Lair:4   | Killed a seven-headed hydra
 16814 | Lair:4   | Noticed a six-headed hydra
 16823 | Lair:4   | Killed a six-headed hydra
 17204 | Lair:4   | Found a hole to the Spider Nest.
 17268 | Lair:4   | Noticed Nergalle
 17307 | Lair:4   | Killed Nergalle
 17715 | Lair:4   | Found a staircase to the Swamp.
 17733 | Lair:4   | Reached skill level 13 in Spellcasting
 19680 | Lair:6   | Entered Level 6 of the Lair of Beasts
 19701 | Lair:6   | Noticed an eight-headed hydra
 19953 | Lair:6   | Found a staircase to the Slime Pits.
 20298 | Lair:6   | Killed an eight-headed hydra
 20298 | Lair:6   | Gained mutation: You are in touch with the powers of death.
                  | [Mummy growth]
 20298 | Lair:6   | Reached XP level 13. HP: 92/99 MP: 3/30
 20742 | Lair:6   | Reached skill level 5 in Dodging
 21835 | Lair:6   | Noticed a fire dragon
 21851 | Lair:6   | Killed a fire dragon
 22154 | Lair:6   | Got a glittering granite ring
 22163 | Lair:6   | Identified the ring of Qexixkit {+Blink rPois} (You found
                  | it on level 6 of the Lair of Beasts)
 22574 | Orc:1    | Entered Level 1 of the Orcish Mines
 22948 | Orc:2    | Entered Level 2 of the Orcish Mines
 22970 | Orc:2    | Found a staircase to the Elven Halls.
 23351 | Orc:2    | Reached skill level 14 in Spellcasting
 23360 | Orc:2    | Reached skill level 1 in Throwing
 23662 | Orc:2    | Found a roughly hewn altar of Beogh.
 23676 | Orc:2    | Found Aleebo's Armour Boutique.
 23685 | Orc:2    | Bought a +2 helmet of see invisible for 279 gold pieces
 23865 | Orc:2    | Found a roughly hewn altar of Beogh.
 24149 | Orc:2    | Noticed Saint Roka
 24733 | D:10     | Entered Level 10 of the Dungeon
 25774 | D:11     | Noticed Psyche
 25779 | D:11     | Killed Psyche
 25967 | D:11     | Found a flagged portal.
 25978 | Bailey   | Entered a bailey
 26023 | Bailey   | Noticed an orc warlord
 26282 | Bailey   | Found a runed gate.
 26283 | Bailey   | Found a runed gate.
 26285 | Bailey   | Found a runed gate.
 26460 | Bailey   | Killed an orc warlord
 27266 | D:11     | Reached skill level 5 in Throwing
 27772 | D:11     | Learned a level 3 spell: Call Canine Familiar
 27790 | D:11     | Reached skill level 1 in Summonings
 27977 | D:12     | Reached XP level 14. HP: 62/108 MP: 15/32
 30237 | D:13     | Reached skill level 5 in Summonings
 30339 | D:13     | HP: 5/108 [meliai/divine providence (12)]
 30663 | D:13     | Reached skill level 15 in Spellcasting
 31333 | D:14     | Found a gate to the Vaults.
 31333 | D:14     | Noticed Rupert
 32244 | D:14     | Killed Rupert
 33256 | D:15     | Entered Level 15 of the Dungeon
 33280 | D:15     | Reached skill level 16 in Spellcasting
 34546 | D:15     | Reached XP level 15. HP: 104/113 MP: 13/35
 34889 | D:15     | Found a hazy altar of Hepliaklqana.
 34997 | D:15     | Slain by a red ugly thing

Vault maps used:
D:1:      minmay_arrival_glassed_features, minmay_liquid_box
D:2:      minivault_4
D:3:      lemuel_round_altar, grunt_gozag_breadcrumbs, uniq_sigmund
D:4:      first_ration, st_stairs_9, uniq_pikel
D:5:      cheibrodos_sewer_entry_sluice, serial_bayou, serial_bayou_crossing,
          serial_bayou_pond_c, serial_bayou_pond_d, serial_bayou_shore_b,
          ebering_ghost_sewer_d, glass_columns_c, uniq_prince_ribbit1,
          uniq_menkaure
D:6:      serial_shops, shop_coins, shop, kennysheep_little_box, shop
D:7:      gammafunk_corrupted_shrine, minmay_temple_entry_overgrown, uniq_joseph
D:8:      lair_entry_dummy, the_bakery
D:9:      zombieorc2_lemuel, uniq_erolcha, uniq_maurice
D:10:     serial_ice, serial_ice_b, serial_ice_c, serial_ice_g, serial_ice_e,
          serial_ice_i, serial_ice_n
D:11:     wad_crossroads, enter_bailey_3, uniq_psyche
D:13:     portal_ice_cave_entry_pillars_2
D:14:     david_vaults_3
D:15:     grunt_enter_depths_magical_seal, lemuel_tele_altar, roderic_batcave
Lair:1:   hellmonk_ghost_happy_afterlife, uniq_urug
Lair:3:   nicolae_volcano_entry_two_sided
Lair:4:   minmay_swamp_entry_worms, spider_nest_entry_web_field,
          lemuel_fruit_tree, grunt_megastairs_5, uniq_nergalle
Lair:5:   minmay_lair_oklob_chamber
Lair:6:   guppyfry_lair_end_dragon, minmay_slime_entry_eyes
Orc:2:    grunt_orc_community_town_hall, grunt_orc_community_big_house_1,
          grunt_orc_community_big_house_1, grunt_orc_community_house_3,
          grunt_orc_community_house_1, grunt_orc_community_house_2,
          grunt_orc_community_house_1, grunt_orc_community_house_3,
          grunt_orc_community_house_1, statue_in_the_mist_lemuel
Sewer:    sewer_frog_island_01
Bailey:   bailey_axe_bossmonster_kennysheep, bailey

Skill      XL: |  1  2  3  4  5  6  7  8  9 10 11 12 13 14 |
---------------+-------------------------------------------+-----
Spellcasting   | 3 4 5 6 7 9 10 12 13 14 16 | 16.0
Conjurations   | 1 2 3 5 6 7 8 |  8.9
Stealth        | 2 3 4 5 6 8 |  8.6
Fire Magic     | 3 4 5 6 7 8 9 |  9.2
Fighting       | 6 8 9 |  9.4
Long Blades    | 1 |  1.5
Staves         | 1 |  1.3
Dodging        | 4 5 |  5.9
Throwing       | 5 |  5.5
Summonings     | 2 6 |  6.9

Action                   |  1- 3 |  4- 6 |  7- 9 | 10-12 | 13-15 || total
-------------------------+-------+-------+-------+-------+-------++-------
Melee: Short sword       |    10 |     6 |       |       |       ||    16
       Long sword        |       |       |     6 |    74 |   118 ||   198
       Whip              |       |       |     1 |       |       ||     1
       War axe           |       |       |     2 |       |       ||     2
       Quarterstaff      |       |       |       |     1 |       ||     1
 Fire: Hunting sling     |       |       |     2 |    10 |       ||    12
Throw: Stone             |       |       |     5 |       |     5 ||    10
       Tomahawk          |       |       |       |       |    14 ||    14
 Cast: Flame Tongue      |    75 |    67 |   107 |   217 |   211 ||   677
       Throw Flame       |     1 |    14 |   105 |   255 |   307 ||   682
       Sticky Flame      |       |     4 |    30 |   117 |   192 ||   343
       Conjure Flame     |       |       |     4 |     8 |    15 ||    27
       Fireball          |       |       |       |    41 |   173 ||   214
       Call Canine Famil |       |       |       |       |     5 ||     5
Invok: Potion Petition   |       |     1 |       |     1 |     3 ||     5
 Abil: Evoke Blink       |       |       |       |       |     1 ||     1
Evoke: Wand              |       |       |       |       |    21 ||    21
  Use: Scroll            |     2 |     6 |     1 |     9 |     8 ||    26
 Stab: Distracted        |       |       |       |     2 |       ||     2
       Sleeping          |       |       |       |       |     3 ||     3
Armor: Robe              |    13 |     6 |    22 |    41 |   133 ||   215
Dodge: Dodged            |    22 |    21 |    39 |   117 |   267 ||   466
       Rpst.: Long sword |       |       |     3 |    27 |    56 ||    86

Table legend:
 A = Non-vault XP
 B = Vault XP
 C = Vault XP percentage of total XP
 D = Non-vault monster count
 E = Vault monster count
 F = Vault count percentage of total count
                 A         B        C        D         E       F
            +---------+---------+-------+---------+---------+-------
      Total |   75328 |   31595 |  29.5 |     533 |     217 |  28.9
            +---------+---------+-------+---------+---------+-------
        D:1 |      42 |       0 |   0.0 |      23 |       0 |   0.0
        D:2 |      45 |       0 |   0.0 |      16 |       0 |   0.0
        D:3 |      94 |     223 |  70.3 |      27 |       1 |   3.6
        D:4 |     261 |     688 |  72.5 |      19 |       2 |   9.5
        D:5 |     211 |     465 |  68.8 |       7 |       6 |  46.2
        D:6 |    1395 |       0 |   0.0 |      26 |       0 |   0.0
        D:7 |     794 |     407 |  33.9 |      13 |       1 |   7.1
        D:8 |    3104 |     224 |   6.7 |      33 |       1 |   2.9
        D:9 |    2100 |    2153 |  50.6 |      28 |      38 |  57.6
       D:10 |     979 |    1024 |  51.1 |      23 |      15 |  39.5
       D:11 |    4199 |     835 |  16.6 |      36 |       9 |  20.0
       D:12 |    6633 |       0 |   0.0 |      40 |       0 |   0.0
       D:13 |    9410 |       0 |   0.0 |      39 |       0 |   0.0
       D:14 |    8636 |    8103 |  48.4 |      41 |      20 |  32.8
       D:15 |    7671 |    4181 |  35.3 |      18 |      18 |  50.0
     Lair:1 |    2872 |     831 |  22.4 |      13 |       1 |   7.1
     Lair:2 |    2986 |       0 |   0.0 |      16 |       0 |   0.0
     Lair:3 |    4484 |       0 |   0.0 |      17 |       0 |   0.0
     Lair:4 |    3759 |    2520 |  40.1 |      14 |       5 |  26.3
     Lair:5 |    4188 |       0 |   0.0 |      18 |       0 |   0.0
     Lair:6 |    9610 |    5219 |  35.2 |      41 |      18 |  30.5
      Orc:1 |     401 |       0 |   0.0 |       9 |       0 |   0.0
      Orc:2 |    1454 |    2287 |  61.1 |      16 |      37 |  69.8
      Sewer |       0 |     244 | 100.0 |       0 |      18 | 100.0
     Bailey |       0 |    2191 | 100.0 |       0 |      27 | 100.0
            +---------+---------+-------+---------+---------+-------
